 Dungeon Crawl Stone Soup version 0.31-a0-620-gd1cbd99268 (webtiles) character file.

Game seed: 4685907607528597483

2641 Jannitor the Covered (level 9, -2/79 HPs)
             Began as an Armataur Cinder Acolyte on Aug 22, 2023.
             Was a High Priest of Ignis.
             Slain by a hornet (12 damage)
             ... on level 8 of the Dungeon on Aug 23, 2023.
             The game lasted 00:13:16 (7605 turns).

Jannitor the Covered (Armataur Cinder Acolyte)      Turns: 7605, Time: 00:13:18

Health: -2/79      AC:  4    Str: 21    XL:     9   Next: 35%
Magic:  3/15       EV:  9    Int: 14    God:    Ignis [*****.]
Gold:   296        SH:  4    Dex:  9    Spells: 14/16 levels left

rFire   + + .        p - +2 whip (drain)
rCold   . . .        x - +0 buckler
rNeg    . . .        b - +0 robe
rPois   .            (no helmet)
rElec   .            (no cloak)
rCorr   .            (no gloves)
SInv    .            (no barding)
Will    +....        (no amulet)
Stlth   +            g - ring of protection from fire
HPRegen 0.33/turn    n - ring of willpower
MPRegen 0.14/turn

%: roll
@: lethally poisoned (-2 -> -4), very slightly contaminated, hasted and slowed
A: large, rugged brown scales 3, deformed body, armoured tail, roll, long
tongue, awkward tongue
a: Renounce Religion, Fiery Armour, Foxfire Swarm, Rising Flame


You were on level 8 of the Dungeon.
You worshipped Ignis.
Ignis was extremely pleased with you.
You visited 1 branch of the dungeon, and saw 8 of its levels.

You collected 296 gold pieces.

Inventory:

Hand Weapons
 a - a -1 mace of flaming
 p - a +2 whip of draining (weapon)
Missiles
 v - a throwing net
Armour
 b - a +0 robe (worn)
 x - a +0 buckler (worn)
 F - a +0 chain mail
Jewellery
 g - a ring of protection from fire (left hand)
 n - a ring of willpower (right hand)
 z - a ring of resist corrosion
Talismans
 i - a talisman of death
Scrolls
 d - 2 scrolls of noise
 f - a scroll of torment {unknown}
 k - a scroll of summoning
 m - a scroll of enchant armour
 o - a scroll of amnesia
 q - a scroll of immolation
 u - 2 scrolls of vulnerability
 w - a scroll of fog {unknown}
 y - a scroll of teleportation {unknown}
 D - a scroll of blinking {unknown}
 E - a scroll of identify
Potions
 c - 2 potions of ambrosia
 h - a potion of cancellation {unknown}
 l - 3 potions of haste
 r - 3 potions of enlightenment
 s - a potion of brilliance {unknown}
 t - 2 potions of mutation {unknown}
 A - a potion of berserk rage {unknown}
 B - a potion of resistance {unknown}
 C - a potion of magic {unknown}


   Skills:
 + Level 5.3 Fighting
 + Level 5.3 Maces & Flails
 + Level 5.5 Armour
 + Level 2.8 Dodging
 + Level 2.7 Shields
 + Level 4.0 Spellcasting
 + Level 5.1 Fire Magic
 + Level 3.4 Shapeshifting


You had 14 spell levels left.
You knew the following spells:

 Your Spells              Type           Power      Damage    Failure   Level
a - Scorch                Fire           34%        2d6       4%          2

Your spell library contained the following spells:

 Spells                   Type           Power      Damage    Failure   Level
 Magic Dart               Conj           8%         1d3       24%         1
 Searing Ray              Conj           4%         2d4       34%         2
 Fulminant Prism          Conj/Hex       1%         3d5       93%         4


Dungeon Overview and Level Annotations

Branches:
Dungeon (8/15)             Temple (0/1) D:6
   Lair: D:8-11

Altars:
Elyvilon
Sif Muna
Uskayaw
Zin

Shops:
D:7 :

Annotations:
D:7 2 transporters


Innate Abilities, Weirdness & Mutations

You are completely covered in rugged brown scales. (AC +3, +7% HP)
Armour fits poorly on your strangely shaped body.
You have a long armoured tail.
You roll when moving toward enemies. (Rampage)
Your long tongue fully drains potion bottles. (2x potion effects)
Your tongue gives you trouble enunciating. (1.5x scroll delay)


Message History

Casting: Scorch (safe; 4% risk of failure)
Confirm with . or Enter, or press ? or * to list all spells.
You miscast Scorch.
You are very lightly contaminated with residual magic.
Nothing appears to happen.
The hornet stings you!
You feel as though you will be slow longer.
The hornet stings you.
You are poisoned.
You suddenly lose the ability to move!
You feel very sick. The hornet stings you!
You shrug off the repeated paralysis!
You feel very sick. The hornet stings you.
You feel as though you will be slow longer.
The hornet stings you.
You feel as though you will be slow longer.
You can move again.
Unknown command.
Casting: Scorch (safe; 4% risk of failure)
Confirm with . or Enter, or press ? or * to list all spells.
Flames lash the kobold.
You kill the kobold!
You feel sick.
You hear a shout!
The hornet closely misses you. You block the hornet's attack.
Unknown command.
You feel yourself speed up.
You slurp down every last drop of the potion of haste!
You feel sick. The hornet closely misses you.
The hornet stings you but does no damage.
Unknown command.
Okay, then.
Unknown command.
You closely miss the hornet.
Your tail-slap misses the hornet.
The hornet is almost dead.
You feel sick. The hornet stings you!
* * * LOW HITPOINT WARNING * * *
You feel as though you will be slow longer.
The hornet stings you!
You die...

### ###### ####.# # #....#
#<...# ... #....# ####.#
.....##..).####### #.#
.....K'K..Ky@...>#######.###
.....##....#####.#...#.....#
... ###### ##.#.#.###.#.# .
#....#.###.#.##
#..[.#........#
###########..###..#######
.......<##.....#..#
######...#.#.).#..#
###.#.#..(.....#


You could see a hornet (combustible), a kobold brigand and 2 kobolds.

Vanquished Creatures
  A wyvern (D:8)
  A steam dragon (D:7)
  2 water moccasins
  An orc warrior (D:8)
  4 ice beasts
  A sky beast (D:7)
  A black bear (D:5)
  3 ogres
  A centaur (D:7)
  A phantom (D:6)
  2 kobold brigands
  2 bullfrogs
  2 scorpions (D:5)
  A howler monkey (D:7)
  2 hounds
  A gnoll bouda (D:6)
  An orc priest (D:8)
  4 jellies
  4 iguanas
  2 sleepcaps
  An orc wizard (D:5)
  Robin (D:2)
  9 gnolls
  5 adders
  2 shadow imps
  An ufetubus (D:4)
  A worm (D:5)
  2 dart slugs
  11 orcs
  8 endoplasms
  A giant cockroach (D:2)
  11 hobgoblins
  2 jackals (D:2)
  3 quokkas
  7 ball pythons
  8 bats
  4 frilled lizards
  19 goblins
  12 kobolds
  5 rats
150 creatures vanquished.

Vanquished Creatures (others)
  8 foxfires (D:7)
8 creatures vanquished.

Grand Total: 158 creatures vanquished

Notes
Turn   | Place    | Note
-------+----------+-------------------------------------------
     0 | D:1      | Jannitor the Armataur Cinder Acolyte began the quest for
                  | the Orb.
     0 | D:1      | Reached XP level 1. HP: 19/19 MP: 2/2
   150 | D:1      | Reached XP level 2. HP: 22/26 MP: 3/3
   290 | D:1      | Reached skill level 1 in Armour
   563 | D:2      | Reached XP level 3. HP: 26/32 MP: 5/5
   868 | D:2      | Noticed Robin
   887 | D:2      | Killed Robin
   888 | D:2      | Reached XP level 4. HP: 28/40 MP: 6/6
  1145 | D:2      | Found a faded altar of an unknown god.
  1491 | D:3      | Noticed an ice beast
  1498 | D:3      | Killed an ice beast
  1499 | D:3      | Reached XP level 5. HP: 19/48 MP: 6/8
  2043 | D:4      | Learned a level 2 spell: Scorch
  2133 | D:4      | Reached XP level 6. HP: 54/54 MP: 4/9
  2214 | D:4      | Reached skill level 1 in Shapeshifting
  2819 | D:5      | Entered Level 5 of the Dungeon
  3110 | D:5      | Reached XP level 7. HP: 54/62 MP: 1/10
  3248 | D:5      | Reached skill level 1 in Dodging
  4133 | D:6      | Found a staircase to the Ecumenical Temple.
  4157 | D:5      | Reached XP level 8. HP: 64/71 MP: 3/12
  5173 | D:6      | Reached skill level 1 in Shields
  5234 | D:6      | Found a hide-covered altar of Uskayaw.
  5620 | D:7      | Found a transporter.
  5648 | D:7      | Noticed a gargoyle
  5653 | D:7      | Noticed a two-headed ogre
  5697 | D:7      | Noticed a hornet
  5871 | D:7      | Reached skill level 5 in Fighting
  5871 | D:7      | Reached skill level 5 in Maces & Flails
  5871 | D:7      | Reached skill level 5 in Armour
  6114 | D:7      | Reached XP level 9. HP: 23/79 MP: 4/14
  6282 | D:7      | Found Puwn's Self-Published Books.
  6288 | D:7      | Upgraded the game from 0.31-a0-614-gc85dc1c48c to
                  | 0.31-a0-620-gd1cbd99268
  6570 | D:7      | Found a transporter.
  6971 | D:7      | Reached skill level 5 in Fire Magic
  7094 | D:8      | Found a shimmering blue altar of Sif Muna.
  7095 | D:8      | Found a white marble altar of Elyvilon.
  7097 | D:8      | Found a glowing silver altar of Zin.
  7344 | D:8      | Paralysed by a hornet for 3 turns
  7600 | D:8      | Paralysed by a hornet for 3 turns
  7605 | D:8      | Slain by a hornet

Illustrated notes

Levels and vault maps discovered:
D:1:      minmay_arrival_four_circles, layout_basic,
          chequers_serial_rivers_room_b
D:2:      layout_rooms, shapermc_ecumenical_altar_venn, uniq_robin
D:3:      layout_rooms
D:4:      layout_cave_pools
D:5:      layout_rooms, kennysheep_generic_room_13
D:6:      layout_basic, marbit_many_paths, minmay_temple_entry_grid
D:7:      gammafunk_the_bubble [the_bubble_gammafunk_plus_minus],
          layout_cave_pods, nicolae_custom_books
D:8:      layout_basic, gammafunk_temple_overflow_forgotten, serial_shops,
          nicolae_shop_just_a_little_nook, uniq_pikel

Skill      XL: |  1  2  3  4  5  6  7  8  9 |
---------------+----------------------------+-----
Armour         | 1 2 3 4 5 |  5.5
Fighting       | 3 4 5 |  5.3
Maces & Flails | 3 4 5 |  5.3
Fire Magic     | 3 4 5 |  5.1
Spellcasting   | 2 3 4 |  4.0
Shapeshifting  | 1 2 3 |  3.4
Dodging        | 1 2 |  2.8
Shields        | 2 |  2.7

Action                     |  1- 3 |  4- 6 |  7- 9 || total
---------------------------+-------+-------+-------++-------
  Melee: Mace              |   135 |    53 |       ||   188
         Tailslap          |    14 |     8 |    12 ||    34
         Punch             |       |     3 |       ||     3
         Whip              |       |    41 |    88 ||   129
   Cast: Scorch            |       |    29 |   112 ||   141
 Invoke: Foxfire Swarm     |       |       |     1 ||     1
         Fiery Armour      |       |       |     1 ||     1
    Use: Scroll            |       |     8 |     1 ||     9
         Potion            |       |       |     6 ||     6
   Stab: Sleeping          |       |     1 |       ||     1
 Armour: Robe              |    55 |    30 |    30 ||   115
  Dodge: Dodged            |    78 |    32 |    72 ||   182
  Block: Buckler           |       |       |    13 ||    13

Table legend: (Time is in decaauts)
 A = Elapsed time spent in this place.
 B = Non-inter-level travel time spent in this place.
 C = Inter-level travel time spent in this place.
 D = Time resting spent in this place.
 E = Time spent auto-exploring this place.
 F = Levels seen in this place.
 G = Mean time per level.
                   A        B        C        D        E       F      G
               +--------+--------+--------+--------+--------+-----+--------+
         Total |   7647 |   7474 |    173 |   2446 |   3823 |   8 |  955.9 |
       Dungeon |   7647 |   7474 |    173 |   2446 |   3823 |   8 |  955.9 |
               +--------+--------+--------+--------+--------+-----+--------+

Top non-repeatable levels by time:
     D:7: 1671 daAuts
     D:5: 1205 daAuts
     D:6: 1165 daAuts
     D:4: 1157 daAuts
     D:1: 724 daAuts
     D:2: 697 daAuts
     D:3: 655 daAuts
     D:8: 370 daAuts
